Knights vs Gangsters
Created - 4 décembre 2016 at 08:01
Goals
|
Knights |
1 |
1 |
3 |
5 |
Gangsters |
0 |
0 |
3 |
3 |
|
Shots
|
Knights |
15 |
10 |
8 |
33 |
Gangsters |
3 |
11 |
20 |
34 |
|
1st period
1. Knights , Cody Bass 10 (Michael Stone, David Shields) at 12:20
Penalties :
Michael Raffl (Lon) for Tripping (Minor) at 0:45, Dave Dziurzynski (Bro) for Cross-checking (Minor) at 6:03, Ryan Johansen (Bro) for Roughing (Minor) at 12:44, Matt Delahey (Bro) for Holding (Minor) at 19:56
2nd period
2. Knights , Cody Bass 11 (Ronalds Kenins, David Shields) at 9:55
Penalties :
Curtis McKenzie (Bro) for Hooking (Minor) at 6:15, Cody Bass (Lon) for Hooking (Minor) at 10:48
3rd period
3. Gangsters , Stefan Noesen 2 (Ben Holmstrom) at 3:35
4. Knights , A.J. Jenks 5 (Linden Vey) at 12:16
5. Knights , Ronalds Kenins 2 (Kevin Hayes, Zach Trotman) at 13:11
6. Gangsters , Alexandre Bolduc 9 (Dave Dziurzynski, Michael Sdao) at 18:02
7. Knights , Chris Thorburn 8 (James Wright) at 19:09 (PP)
8. Gangsters , Dave Dziurzynski 4 (Alexandre Bolduc) at 19:41
Penalties :
Matt Delahey (Bro) for Roughing (Minor) at 3:49, Alexandre Bolduc (Bro) for Hooking (Minor) at 13:54, Jason Zucker (Lon) for Holding (Minor) at 14:09, Patrik Nemeth (Bro) for Slashing (Minor) at 19:08
Goalie Stats
Mark Dekanich (Lon), 31 saves from 34 shots - (0,912), W, 3-1-0, 60:00 minutes
Mike Condon (Bro), 28 saves from 33 shots - (0,848), L, 4-9-2, 60:00 minutes
Players Stats for Knights
Player Name G A P +/- PIM S H SB GA TA FO MP PP MP PK MP
------------------------------------------------------------------------------------
A.J. Jenks 1 0 1 0 0 4 3 1 0 0 0/0 9:37 0:00 0:00
Alan Quine 0 0 0 0 0 0 1 0 0 0 0/1 10:37 0:00 0:55
Chris Thorburn 1 0 1 0 0 7 3 0 0 0 0/0 20:48 5:27 0:00
Cody Bass 2 0 2 3 2 5 3 0 0 1 4/7 12:54 0:15 0:54
David Shields 0 2 2 1 0 0 0 3 0 0 0/0 23:07 3:21 1:06
James Wright 0 1 1 0 0 1 2 0 1 0 17/30 20:24 5:27 2:13
Jason Zucker 0 0 0 0 2 1 2 0 1 0 1/2 16:45 4:28 0:17
Jimmy Hayes 0 0 0 -2 0 3 4 0 0 0 1/1 18:37 4:28 2:15
Joe Colborne 0 0 0 -2 0 1 3 0 0 3 2/12 18:15 4:29 1:24
Kevin Hayes 0 1 1 3 0 3 2 0 0 0 1/1 10:05 0:00 0:00
Linden Vey 0 1 1 0 0 1 2 0 0 0 0/0 10:14 0:16 0:00
Michael Raffl 0 0 0 -2 2 0 4 0 0 1 0/1 18:38 5:27 0:25
Michael Stone 0 1 1 1 0 1 2 3 0 0 0/0 26:28 4:32 1:50
Nikita Nikitin 0 0 0 0 0 1 2 1 0 0 0/0 27:17 5:51 2:20
Patrick Wiercioch 0 0 0 0 0 1 0 0 0 0 0/0 5:59 0:00 0:00
Ronalds Kenins 1 1 2 3 0 3 0 1 0 0 0/2 11:35 0:15 0:03
Scott Jackson 0 0 0 0 0 0 2 0 0 0 0/0 4:32 0:59 0:47
Zach Trotman 0 1 1 0 0 1 5 2 0 1 0/0 28:08 5:39 2:23
Players Stats for Gangsters
Player Name G A P +/- PIM S H SB GA TA FO MP PP MP PK MP
------------------------------------------------------------------------------------
Alexandre Bolduc 1 1 2 2 2 3 0 0 0 0 6/9 17:50 2:02 3:22
Ben Holmstrom 0 1 1 0 0 0 3 0 0 0 1/3 8:35 0:00 0:00
Brett Ponich 0 0 0 0 0 0 7 2 0 0 0/0 22:49 1:33 2:55
Curtis McKenzie 0 0 0 -2 2 0 1 0 0 0 0/0 10:58 0:06 1:47
Dave Dziurzynski 1 1 2 2 2 3 2 0 0 0 0/0 13:57 1:56 0:00
Devante Smith-Pelly 0 0 0 -2 0 0 0 0 0 0 0/0 10:55 0:06 2:01
Dougie Hamilton 0 0 0 0 0 0 0 0 0 0 0/0 7:04 0:52 0:18
Matt Delahey 0 0 0 1 4 3 1 2 0 1 0/0 22:20 0:00 4:11
Maxime Sauvé 0 0 0 -2 0 1 3 0 1 0 2/5 9:50 0:00 0:10
Michael Sdao 0 1 1 -1 0 1 1 0 0 0 0/0 23:07 1:48 3:37
Mikko Lehtonen 0 0 0 -1 0 7 4 0 0 0 0/1 20:23 2:11 2:46
Nathan Gerbe 0 0 0 -1 0 3 0 1 2 0 8/13 23:31 2:11 5:35
Patrik Nemeth 0 0 0 -1 2 0 1 1 0 0 0/0 17:34 1:48 3:17
Phillip Danault 0 0 0 0 0 0 1 0 0 0 0/0 8:10 0:00 0:09
Richard Panik 0 0 0 2 0 1 1 0 2 0 0/0 13:36 1:56 0:00
Ryan Johansen 0 0 0 -1 2 3 1 2 0 0 14/26 22:57 2:11 4:32
Shaun Heska 0 0 0 -1 0 5 0 1 1 1 0/0 26:21 2:25 6:04
Stefan Noesen 1 0 1 0 0 4 4 0 0 0 0/0 8:01 0:00 0:00
3 Stars
1 - Cody Bass (Lon)
2 - Ronalds Kenins (Lon)
3 - Dave Dziurzynski (Bro)
Power Play
Knights - 1 on 7 Attempt(s) - 14,29%
Gangsters - 0 on 3 Attempt(s) - 0,00%
Penalty Kill
Knights - 3 on 3 Attempt(s) - 100,00%
- Score 0 goal in Penalty Kill
Gangsters - 6 on 7 Attempt(s) - 85,71%
- Score 0 goal in Penalty Kill
Team Stat
Knights - Hits : 40 - Faceoff Wins : 26 - Blocked Shots : 11 - Penalty Minutes : 6
Gangsters - Hits : 30 - Faceoff Wins : 31 - Blocked Shots : 9 - Penalty Minutes : 14
Official
Referees : Furlatt Eric and Jackson Dave
Linesman : Brad Lazarowich and Lyle Seitz
Game Notes
Scott Jackson is injured at 11:20 of 1st period (Torn Left MCL)
Dougie Hamilton is injured at 2:04 of 2nd period (Strained Left Elbow)
Finance
Level 1 -- Attendance: 1590 (79,50%) -- Ticket Income 55 650 $
Level 2 -- Attendance: 694 (69,40%) -- Ticket Income 10 410 $
Total Attendance: 2284 (76,13%)
Total Ticket Income: 66 060 $
Other Income: 3 303 $
Total Income: 69 363 $
Knights
5 vs 5 Forward
Center Left Wing Right Wing Time % Phy DF OF
1 James Wright Jason Zucker Chris Thorburn 31 1 2 2
2 Joe Colborne Michael Raffl Jimmy Hayes 29 1 2 2
3 Cody Bass Ronalds Kenins Kevin Hayes 22 1 2 2
4 Alan Quine A.J. Jenks Linden Vey 18 1 2 2
5 vs 5 Defense
Defense Defense Time % Phy DF OF
1 Nikita Nikitin Zach Trotman 35 1 3 1
2 Scott Jackson Michael Stone 30 1 3 1
3 David Shields Michael Stone 22 1 3 1
4 Michael Stone Zach Trotman 13 1 2 2
PowerPlay Forward
Center Left Wing Right Wing Time % Phy DF OF
1 James Wright Michael Raffl Chris Thorburn 60 0 0 5
2 Joe Colborne Jason Zucker Jimmy Hayes 40 0 0 5
PowerPlay Defense
Defense Defense Time % Phy DF OF
1 Nikita Nikitin Zach Trotman 60 0 1 4
2 Michael Stone Scott Jackson 40 0 1 4
Penalty Kill 4 Players Forward
Center Wing Time % Phy DF OF
1 James Wright Jimmy Hayes 60 0 5 0
2 Cody Bass Joe Colborne 40 0 5 0
Penalty Kill 4 Players Defense
Defense Defense Time % Phy DF OF
1 Nikita Nikitin Zach Trotman 60 0 5 0
2 Scott Jackson Michael Stone 40 0 5 0
Penalty Kill - 3 Players Forward
Forward Time % Phy DF OF
1 Chris Thorburn 60 0 5 0
2 James Wright 40 0 5 0
Penalty Kill - 3 Players Defense
Defense Defense Time % Phy DF OF
1 Michael Stone Zach Trotman 60 0 5 0
2 Nikita Nikitin Scott Jackson 40 0 5 0
4 vs 4 Forward
Center Wing Time % Phy DF OF
1 James Wright Michael Raffl 60 1 2 2
2 Joe Colborne Jason Zucker 40 1 2 2
4 vs 4 Defense
Defense Defense Time % Phy DF OF
1 Nikita Nikitin Michael Stone 60 1 2 2
2 Zach Trotman Scott Jackson 40 1 2 2
Last Minutes Offensive
Center Left Wing Right Wing Defense Defense
James Wright Michael Raffl Chris Thorburn Scott Jackson Nikita Nikitin
Last Minutes Defensive
Center Left Wing Right Wing Defense Defense
James Wright Michael Raffl Jimmy Hayes Scott Jackson Nikita Nikitin
Goaltenders
Starting : Mark Dekanich
Backup : Jeff Glass
Extra Forwards
Normal : Joe Colborne, Michael Raffl, James Wright - PP : James Wright, Michael Raffl - PK : James Wright
Extra Defensemen
Normal : Nikita Nikitin, Scott Jackson, Zach Trotman - PP : Nikita Nikitin - PK : Nikita Nikitin, Scott Jackson
Penalty Shots
Kevin Hayes, Michael Raffl, Chris Thorburn, James Wright, Joe Colborne
Gangsters
5 vs 5 Forward
Center Left Wing Right Wing Time % Phy DF OF
1 Ryan Johansen Nathan Gerbe Mikko Lehtonen 40 1 2 2
2 Alexandre Bolduc Dave Dziurzynski Richard Panik 30 1 2 2
3 Maxime Sauvé Curtis McKenzie Devante Smith-Pelly 20 1 2 2
4 Ben Holmstrom Phillip Danault Stefan Noesen 10 1 2 2
5 vs 5 Defense
Defense Defense Time % Phy DF OF
1 Dougie Hamilton Matt Delahey 40 1 2 2
2 Michael Sdao Shaun Heska 30 1 2 2
3 Patrik Nemeth Brett Ponich 20 1 2 2
4 Shaun Heska Matt Delahey 10 1 2 2
PowerPlay Forward
Center Left Wing Right Wing Time % Phy DF OF
1 Ryan Johansen Nathan Gerbe Mikko Lehtonen 60 1 2 2
2 Alexandre Bolduc Dave Dziurzynski Richard Panik 40 1 2 2
PowerPlay Defense
Defense Defense Time % Phy DF OF
1 Shaun Heska Dougie Hamilton 60 1 2 2
2 Michael Sdao Patrik Nemeth 40 1 2 2
Penalty Kill 4 Players Forward
Center Wing Time % Phy DF OF
1 Nathan Gerbe Ryan Johansen 60 1 2 2
2 Alexandre Bolduc Mikko Lehtonen 40 1 2 2
Penalty Kill 4 Players Defense
Defense Defense Time % Phy DF OF
1 Shaun Heska Matt Delahey 60 1 2 2
2 Michael Sdao Patrik Nemeth 40 1 2 2
Penalty Kill - 3 Players Forward
Forward Time % Phy DF OF
1 Nathan Gerbe 60 1 2 2
2 Ryan Johansen 40 1 2 2
Penalty Kill - 3 Players Defense
Defense Defense Time % Phy DF OF
1 Shaun Heska Matt Delahey 60 1 2 2
2 Michael Sdao Patrik Nemeth 40 1 2 2
4 vs 4 Forward
Center Wing Time % Phy DF OF
1 Nathan Gerbe Ryan Johansen 60 1 2 2
2 Alexandre Bolduc Mikko Lehtonen 40 1 2 2
4 vs 4 Defense
Defense Defense Time % Phy DF OF
1 Shaun Heska Dougie Hamilton 60 1 2 2
2 Michael Sdao Patrik Nemeth 40 1 2 2
Last Minutes Offensive
Center Left Wing Right Wing Defense Defense
Ryan Johansen Nathan Gerbe Mikko Lehtonen Shaun Heska Dougie Hamilton
Last Minutes Defensive
Center Left Wing Right Wing Defense Defense
Ryan Johansen Nathan Gerbe Mikko Lehtonen Shaun Heska Matt Delahey
Goaltenders
Starting : Mike Condon
Backup : Dustin Tokarski
Extra Forwards
Normal : Maxime Sauvé, Ben Holmstrom, Devante Smith-Pelly - PP : Maxime Sauvé, Ben Holmstrom - PK : Devante Smith-Pelly
Extra Defensemen
Normal : Dougie Hamilton, Brett Ponich, Michael Sdao - PP : Dougie Hamilton - PK : Brett Ponich, Michael Sdao
Penalty Shots
Nathan Gerbe, Ryan Johansen, Alexandre Bolduc, Mikko Lehtonen, Maxime Sauvé
% Time on Ice - Knights
Lines # - Real PCT - Wanted PCT - Time Play
Normal Forward
1 - 29% - 31% - 12:32
2 - 27% - 29% - 11:38
3 - 23% - 22% - 10:05
4 - 22% - 18% - 9:37
Normal Defense
1 - 36% - 35% - 15:38
2 - 43% - 30% - 18:57
3 - 16% - 22% - 7:11
4 - 5% - 13% - 2:06
PP Forward
1 - 56% - 60% - 5:42
2 - 44% - 40% - 4:29
PP Defense
1 - 55% - 60% - 5:39
2 - 45% - 40% - 4:32
PK Forward
1 - 71% - 60% - 3:00
2 - 29% - 40% - 1:13
PK Defense
1 - 53% - 60% - 2:14
2 - 47% - 40% - 1:59
PK3 Forward
1 - 0% - 60%
2 - 0% - 40%
PK3 Defense
1 - 0% - 60%
2 - 0% - 40%
44 Forward
1 - 93% - 60% - 1:37
2 - 7% - 40% - 0:07
44 Defense
1 - 59% - 60% - 1:01
2 - 41% - 40% - 0:43
Last Minute Offensive - 0:00
Last Minute Defensive - 0:00
Total
Forward - 60:00
Defense - 60:00
|
% Time on Ice - Gangsters
Lines # - Real PCT - Wanted PCT - Time Play
Normal Forward
1 - 35% - 40% - 15:31
2 - 27% - 30% - 11:50
3 - 19% - 20% - 8:30
4 - 18% - 10% - 8:01
Normal Defense
1 - 48% - 40% - 20:59
2 - 29% - 30% - 12:34
3 - 19% - 20% - 8:14
4 - 5% - 10% - 2:05
PP Forward
1 - 54% - 60% - 2:17
2 - 46% - 40% - 1:56
PP Defense
1 - 61% - 60% - 2:34
2 - 39% - 40% - 1:39
PK Forward
1 - 73% - 60% - 7:25
2 - 27% - 40% - 2:46
PK Defense
1 - 69% - 60% - 7:03
2 - 31% - 40% - 3:08
PK3 Forward
1 - 0% - 60%
2 - 0% - 40%
PK3 Defense
1 - 0% - 60%
2 - 0% - 40%
44 Forward
1 - 79% - 60% - 1:22
2 - 21% - 40% - 0:22
44 Defense
1 - 60% - 60% - 1:02
2 - 40% - 40% - 0:42
Last Minute Offensive - 0:00
Last Minute Defensive - 0:00
Total
Forward - 60:00
Defense - 60:00
|
Play by Play
1st period
0:01 of 1st period - Jason Zucker wins face-off versus Ryan Johansen in neutral zone.
0:04 of 1st period - Wrist shot by Chris Thorburn.
0:04 of 1st period - Stopped by Mike Condon without a rebound.
0:05 of 1st period - Ryan Johansen wins face-off versus James Wright in Gangsters zone.
0:05 of 1st period - Ryan Johansen is hit by Jason Zucker.
0:29 of 1st period - Off-side.
0:30 of 1st period - Alexandre Bolduc wins face-off versus Joe Colborne in neutral zone.
0:43 of 1st period - Snap shot by Dave Dziurzynski.
0:43 of 1st period - Shot Blocked by Michael Stone.
0:45 of 1st period - Minor Penalty to Michael Raffl for Tripping.
0:46 of 1st period - Jimmy Hayes wins face-off versus Ryan Johansen in Knights zone.
2:45 of 1st period - Penalty to Michael Raffl is over, Michael Raffl is back on ice.
3:10 of 1st period - Ronalds Kenins is hit by Ben Holmstrom and loses puck.
3:35 of 1st period - Matt Delahey is hit by Jimmy Hayes and loses puck.
4:12 of 1st period - Mikko Lehtonen is hit by Scott Jackson and loses puck.
4:23 of 1st period - Joe Colborne is hit by Stefan Noesen and loses puck.
4:36 of 1st period - Shaun Heska is hit by Nikita Nikitin and loses puck.
5:15 of 1st period - Ben Holmstrom is hit by Jimmy Hayes and loses puck.
5:34 of 1st period - Patrik Nemeth is hit by James Wright and loses puck.
6:03 of 1st period - Minor Penalty to Dave Dziurzynski for Cross-checking.
6:04 of 1st period - Nathan Gerbe wins face-off versus Michael Raffl in Gangsters zone.
6:04 of 1st period - Nathan Gerbe is hit by Michael Raffl.
6:14 of 1st period - Shaun Heska is hit by Chris Thorburn and loses puck.
6:35 of 1st period - Slapshot by Joe Colborne.
6:35 of 1st period - Shot Blocked by Shaun Heska.
7:31 of 1st period - James Wright is hit by Mikko Lehtonen and loses puck.
8:03 of 1st period - Penalty to Dave Dziurzynski is over, Dave Dziurzynski is back on ice.
8:11 of 1st period - Ryan Johansen is hit by Cody Bass and loses puck.
8:28 of 1st period - David Shields is hit by Stefan Noesen and loses puck.
8:35 of 1st period - Michael Sdao is hit by Scott Jackson and loses puck.
9:46 of 1st period - James Wright is hit by Maxime Sauvé and loses puck.
9:53 of 1st period - Dave Dziurzynski is hit by Jason Zucker and loses puck.
10:12 of 1st period - Kevin Hayes is hit by Brett Ponich.
10:29 of 1st period - Shaun Heska is hit by A.J. Jenks and loses puck.
11:19 of 1st period - Scott Jackson is hit by Stefan Noesen and loses puck.
11:20 of 1st period - Scott Jackson from Knights is injured at 11:20 of 1st period (Torn Left MCL).
11:21 of 1st period - Ryan Johansen wins face-off versus James Wright in Knights zone.
12:18 of 1st period - Slapshot by Cody Bass.
12:18 of 1st period - Shot Misses the Net.
12:20 of 1st period - Slapshot by Michael Stone.
12:20 of 1st period - Deflect By Cody Bass.
12:20 of 1st period - Goal by Cody Bass - Knights : 1 - Gangsters : 0.
12:21 of 1st period - Ryan Johansen wins face-off versus James Wright in neutral zone.
12:24 of 1st period - Snap shot by Mikko Lehtonen.
12:24 of 1st period - Shot Misses the Net.
12:26 of 1st period - Wrist shot by Mikko Lehtonen.
12:26 of 1st period - Stopped by Mark Dekanich without a rebound.
12:27 of 1st period - James Wright wins face-off versus Ryan Johansen in Knights zone.
12:27 of 1st period - James Wright is hit by Ryan Johansen.
12:44 of 1st period - Minor Penalty to Ryan Johansen for Roughing.
12:45 of 1st period - Nathan Gerbe wins face-off versus James Wright in Gangsters zone.
13:54 of 1st period - Devante Smith-Pelly is hit by Zach Trotman and loses puck.
14:44 of 1st period - Penalty to Ryan Johansen is over, Ryan Johansen is back on ice.
14:50 of 1st period - Snap shot by Ryan Johansen.
14:50 of 1st period - Shot Blocked by Ronalds Kenins.
15:04 of 1st period - A.J. Jenks is hit by Ben Holmstrom and loses puck.
15:09 of 1st period - Wrist shot by Ben Holmstrom.
15:09 of 1st period - Deflect By Stefan Noesen.
15:09 of 1st period - Stopped by Mark Dekanich without a rebound.
15:10 of 1st period - Cody Bass wins face-off versus Ryan Johansen in Knights zone.
15:20 of 1st period - Matt Delahey is hit by Zach Trotman and loses puck.
15:56 of 1st period - Michael Stone is hit by Stefan Noesen.
16:23 of 1st period - Snap shot by Devante Smith-Pelly.
16:23 of 1st period - Deflect By Maxime Sauvé.
16:23 of 1st period - Shot Blocked by A.J. Jenks.
16:23 of 1st period - Puck is out of play.
16:24 of 1st period - Ryan Johansen wins face-off versus Alan Quine in Knights zone.
16:31 of 1st period - Mikko Lehtonen is hit by Alan Quine and loses puck.
16:36 of 1st period - Snap shot by Linden Vey.
16:36 of 1st period - Stopped by Mike Condon with a rebound.
16:38 of 1st period - Backhand shot by Nikita Nikitin.
16:38 of 1st period - Shot Blocked by Brett Ponich.
16:40 of 1st period - Snap shot by Linden Vey.
16:40 of 1st period - Shot Misses the Net.
16:42 of 1st period - Wrist shot by Zach Trotman.
16:42 of 1st period - Shot Misses the Net.
16:44 of 1st period - Snap shot by Alan Quine.
16:44 of 1st period - Shot Blocked by Nathan Gerbe.
16:48 of 1st period - Wrist shot by Linden Vey.
16:48 of 1st period - Shot Blocked by Patrik Nemeth.
16:50 of 1st period - Snap shot by A.J. Jenks.
16:50 of 1st period - Stopped by Mike Condon with a rebound.
16:52 of 1st period - Slapshot by Patrick Wiercioch.
16:52 of 1st period - Stopped by Mike Condon with a rebound.
17:04 of 1st period - Slapshot by Nathan Gerbe.
17:04 of 1st period - Shot Misses the Net.
17:21 of 1st period - Snap shot by Nathan Gerbe.
17:21 of 1st period - Stopped by Mark Dekanich with a rebound.
17:37 of 1st period - Slapshot by Chris Thorburn.
17:37 of 1st period - Stopped by Mike Condon with a rebound.
17:39 of 1st period - Wrist shot by A.J. Jenks.
17:39 of 1st period - Shot Misses the Net.
17:41 of 1st period - Slapshot by Alan Quine.
17:41 of 1st period - Shot Blocked by Ryan Johansen.
17:43 of 1st period - Snap shot by Chris Thorburn.
17:43 of 1st period - Deflect By A.J. Jenks.
17:43 of 1st period - Stopped by Mike Condon with a rebound.
17:53 of 1st period - Snap shot by Linden Vey.
17:53 of 1st period - Shot Blocked by Ryan Johansen.
17:55 of 1st period - Wrist shot by A.J. Jenks.
17:55 of 1st period - Stopped by Mike Condon without a rebound.
17:56 of 1st period - Alexandre Bolduc wins face-off versus Joe Colborne in Gangsters zone.
18:21 of 1st period - Shaun Heska is hit by Nikita Nikitin and loses puck.
18:26 of 1st period - Wrist shot by Cody Bass.
18:26 of 1st period - Stopped by Mike Condon without a rebound.
18:27 of 1st period - Cody Bass wins face-off versus Maxime Sauvé in Gangsters zone.
18:28 of 1st period - Backhand shot by Kevin Hayes.
18:28 of 1st period - Stopped by Mike Condon with a rebound.
18:38 of 1st period - Matt Delahey is hit by Kevin Hayes and loses puck.
18:55 of 1st period - Snap shot by Cody Bass.
18:55 of 1st period - Stopped by Mike Condon without a rebound.
18:56 of 1st period - James Wright wins face-off versus Alexandre Bolduc in Gangsters zone.
18:57 of 1st period - Snap shot by Chris Thorburn.
18:57 of 1st period - Stopped by Mike Condon with a rebound.
19:04 of 1st period - Icing by Michael Sdao.
19:05 of 1st period - Alexandre Bolduc wins face-off versus James Wright in Gangsters zone.
19:43 of 1st period - Snap shot by Nikita Nikitin.
19:43 of 1st period - Shot Misses the Net.
19:45 of 1st period - Wrist shot by Chris Thorburn.
19:45 of 1st period - Stopped by Mike Condon without a rebound.
19:46 of 1st period - Joe Colborne wins face-off versus Ryan Johansen in Gangsters zone.
19:51 of 1st period - Slapshot by Joe Colborne.
19:51 of 1st period - Stopped by Mike Condon with a rebound.
19:53 of 1st period - Slapshot by Jimmy Hayes.
19:53 of 1st period - Stopped by Mike Condon without a rebound.
19:54 of 1st period - Ryan Johansen wins face-off versus Joe Colborne in Gangsters zone.
19:56 of 1st period - Minor Penalty to Matt Delahey for Holding.
19:57 of 1st period - Nathan Gerbe wins face-off versus James Wright in Gangsters zone.
Goals for this period are 1 for Knights vs 0 for Gangsters.
Shots for this period are 15 for Knights vs 3 for Gangsters.
2nd period
0:01 of 2nd period - James Wright wins face-off versus Nathan Gerbe in neutral zone.
1:00 of 2nd period - Slapshot by Alexandre Bolduc.
1:00 of 2nd period - Stopped by Mark Dekanich with a rebound.
1:02 of 2nd period - Slapshot by Patrik Nemeth.
1:02 of 2nd period - Shot Misses the Net.
1:56 of 2nd period - Penalty to Matt Delahey is over, Matt Delahey is back on ice.
2:03 of 2nd period - Dougie Hamilton is hit by Zach Trotman and loses puck.
2:04 of 2nd period - Dougie Hamilton from Gangsters is injured at 2:04 of 2nd period (Strained Left Elbow).
2:05 of 2nd period - Ryan Johansen wins face-off versus Joe Colborne in Gangsters zone.
2:10 of 2nd period - Slapshot by Matt Delahey.
2:10 of 2nd period - Stopped by Mark Dekanich with a rebound.
2:18 of 2nd period - Wrist shot by Nathan Gerbe.
2:18 of 2nd period - Stopped by Mark Dekanich with a rebound.
2:20 of 2nd period - Slapshot by Nathan Gerbe.
2:20 of 2nd period - Shot Blocked by Nikita Nikitin.
2:46 of 2nd period - Icing by Nikita Nikitin.
2:47 of 2nd period - James Wright wins face-off versus Maxime Sauvé in Knights zone.
2:52 of 2nd period - Maxime Sauvé is hit by Joe Colborne and loses puck.
3:04 of 2nd period - Off-side.
3:05 of 2nd period - James Wright wins face-off versus Ryan Johansen in neutral zone.
3:08 of 2nd period - Snap shot by Jason Zucker.
3:08 of 2nd period - Stopped by Mike Condon without a rebound.
3:09 of 2nd period - James Wright wins face-off versus Ryan Johansen in Gangsters zone.
3:14 of 2nd period - Wrist shot by James Wright.
3:14 of 2nd period - Shot Blocked by Brett Ponich.
3:34 of 2nd period - Michael Stone is hit by Brett Ponich and loses puck.
3:41 of 2nd period - Wrist shot by Richard Panik.
3:41 of 2nd period - Shot Misses the Net.
3:43 of 2nd period - Slapshot by Matt Delahey.
3:43 of 2nd period - Stopped by Mark Dekanich with a rebound.
3:45 of 2nd period - Snap shot by Richard Panik.
3:45 of 2nd period - Shot Blocked by Michael Stone.
4:07 of 2nd period - Slapshot by Michael Stone.
4:07 of 2nd period - Deflect By Cody Bass.
4:07 of 2nd period - Shot Misses the Net.
4:07 of 2nd period - Puck is out of play.
4:08 of 2nd period - James Wright wins face-off versus Mikko Lehtonen in Gangsters zone.
4:13 of 2nd period - Snap shot by Chris Thorburn.
4:13 of 2nd period - Stopped by Mike Condon with a rebound.
5:17 of 2nd period - Nikita Nikitin is hit by Phillip Danault and loses puck.
5:22 of 2nd period - Slapshot by Shaun Heska.
5:22 of 2nd period - Stopped by Mark Dekanich without a rebound.
5:23 of 2nd period - Nathan Gerbe wins face-off versus Joe Colborne in Knights zone.
5:24 of 2nd period - Snap shot by Mikko Lehtonen.
5:24 of 2nd period - Stopped by Mark Dekanich without a rebound.
5:25 of 2nd period - Ryan Johansen wins face-off versus Joe Colborne in Knights zone.
5:28 of 2nd period - Slapshot by Nathan Gerbe.
5:28 of 2nd period - Shot Misses the Net.
6:15 of 2nd period - Minor Penalty to Curtis McKenzie for Hooking.
6:16 of 2nd period - James Wright wins face-off versus Nathan Gerbe in Gangsters zone.
6:32 of 2nd period - Snap shot by Chris Thorburn.
6:32 of 2nd period - Deflect By Shaun Heska.
6:32 of 2nd period - Shot Misses the Net.
6:32 of 2nd period - Puck is out of play.
6:33 of 2nd period - Joe Colborne wins face-off versus Nathan Gerbe in Gangsters zone.
8:15 of 2nd period - Penalty to Curtis McKenzie is over, Curtis McKenzie is back on ice.
8:57 of 2nd period - Devante Smith-Pelly is hit by Linden Vey and loses puck.
9:28 of 2nd period - Icing by Michael Sdao.
9:29 of 2nd period - Ben Holmstrom wins face-off versus Cody Bass in Gangsters zone.
9:34 of 2nd period - Cody Bass is hit by Brett Ponich and loses puck.
9:41 of 2nd period - Slapshot by Stefan Noesen.
9:41 of 2nd period - Stopped by Mark Dekanich with a rebound.
9:55 of 2nd period - Snap shot by Cody Bass.
9:55 of 2nd period - Goal by Cody Bass - Knights : 2 - Gangsters : 0.
9:56 of 2nd period - Ryan Johansen wins face-off versus Joe Colborne in neutral zone.
10:46 of 2nd period - Slapshot by Devante Smith-Pelly.
10:46 of 2nd period - Deflect By Maxime Sauvé.
10:46 of 2nd period - Stopped by Mark Dekanich without a rebound.
10:47 of 2nd period - Cody Bass wins face-off versus Maxime Sauvé in Knights zone.
10:47 of 2nd period - Cody Bass is hit by Brett Ponich.
10:48 of 2nd period - Minor Penalty to Cody Bass for Hooking.
10:49 of 2nd period - Nathan Gerbe wins face-off versus James Wright in Knights zone.
10:52 of 2nd period - Backhand shot by Nathan Gerbe.
10:52 of 2nd period - Shot Misses the Net.
10:54 of 2nd period - Slapshot by Shaun Heska.
10:54 of 2nd period - Deflect By Nathan Gerbe.
10:54 of 2nd period - Stopped by Mark Dekanich without a rebound.
10:55 of 2nd period - James Wright wins face-off versus Ryan Johansen in Knights zone.
11:00 of 2nd period - Slapshot by Zach Trotman.
11:00 of 2nd period - Stopped by Mike Condon with a rebound.
12:48 of 2nd period - Penalty to Cody Bass is over, Cody Bass is back on ice.
12:58 of 2nd period - Slapshot by Devante Smith-Pelly.
12:58 of 2nd period - Shot Blocked by Michael Stone.
13:04 of 2nd period - Maxime Sauvé is hit by Cody Bass and loses puck.
14:25 of 2nd period - Stefan Noesen is hit by Kevin Hayes and loses puck.
15:13 of 2nd period - Dave Dziurzynski is hit by Zach Trotman and loses puck.
15:33 of 2nd period - Snap shot by Richard Panik.
15:33 of 2nd period - Stopped by Mark Dekanich without a rebound.
15:34 of 2nd period - Ryan Johansen wins face-off versus James Wright in Knights zone.
15:39 of 2nd period - Snap shot by Ryan Johansen.
15:39 of 2nd period - Shot Misses the Net.
15:43 of 2nd period - Snap shot by Nathan Gerbe.
15:43 of 2nd period - Shot Blocked by David Shields.
15:45 of 2nd period - Slapshot by Mikko Lehtonen.
15:45 of 2nd period - Stopped by Mark Dekanich with a rebound.
15:59 of 2nd period - Maxime Sauvé is hit by Jimmy Hayes and loses puck.
16:10 of 2nd period - Wrist shot by Jimmy Hayes.
16:10 of 2nd period - Stopped by Mike Condon without a rebound.
16:11 of 2nd period - Ryan Johansen wins face-off versus Ronalds Kenins in Gangsters zone.
16:20 of 2nd period - Slapshot by Cody Bass.
16:20 of 2nd period - Shot Blocked by Matt Delahey.
16:22 of 2nd period - Slapshot by Zach Trotman.
16:22 of 2nd period - Deflect By Kevin Hayes.
16:22 of 2nd period - Stopped by Mike Condon with a rebound.
16:24 of 2nd period - Slapshot by Michael Stone.
16:24 of 2nd period - Stopped by Mike Condon with a rebound.
16:26 of 2nd period - Backhand shot by Nikita Nikitin.
16:26 of 2nd period - Stopped by Mike Condon with a rebound.
16:38 of 2nd period - David Shields is hit by Brett Ponich.
16:46 of 2nd period - Backhand shot by Devante Smith-Pelly.
16:46 of 2nd period - Shot Misses the Net.
18:09 of 2nd period - Shaun Heska is hit by Joe Colborne and loses puck.
18:16 of 2nd period - Shaun Heska is hit by Michael Raffl and loses puck.
18:28 of 2nd period - Jimmy Hayes is hit by Matt Delahey and loses puck.
18:37 of 2nd period - Jimmy Hayes is hit by Brett Ponich and loses puck.
18:44 of 2nd period - Matt Delahey is hit by Michael Raffl and loses puck.
19:03 of 2nd period - Matt Delahey is hit by Michael Raffl and loses puck.
19:08 of 2nd period - Snap shot by Jimmy Hayes.
19:08 of 2nd period - Stopped by Mike Condon with a rebound.
19:20 of 2nd period - Slapshot by Nathan Gerbe.
19:20 of 2nd period - Shot Misses the Net.
19:22 of 2nd period - Wrist shot by Nathan Gerbe.
19:22 of 2nd period - Shot Blocked by David Shields.
19:24 of 2nd period - Slapshot by Nathan Gerbe.
19:24 of 2nd period - Shot Misses the Net.
19:26 of 2nd period - Snap shot by Mikko Lehtonen.
19:26 of 2nd period - Deflect By Nathan Gerbe.
19:26 of 2nd period - Shot Misses the Net.
19:26 of 2nd period - Puck is out of play.
19:27 of 2nd period - Alexandre Bolduc wins face-off versus Cody Bass in Knights zone.
19:52 of 2nd period - Shaun Heska is hit by Chris Thorburn and loses puck.
19:59 of 2nd period - Slapshot by Chris Thorburn.
19:59 of 2nd period - Stopped by Mike Condon without a rebound.
Goals for this period are 1 for Knights vs 0 for Gangsters.
Shots for this period are 10 for Knights vs 11 for Gangsters.
3rd period
0:01 of 3rd period - James Wright wins face-off versus Ryan Johansen in neutral zone.
0:51 of 3rd period - Wrist shot by Stefan Noesen.
0:51 of 3rd period - Stopped by Mark Dekanich without a rebound.
0:52 of 3rd period - James Wright wins face-off versus Ben Holmstrom in Knights zone.
1:07 of 3rd period - Slapshot by Nikita Nikitin.
1:07 of 3rd period - Shot Misses the Net.
1:45 of 3rd period - Wrist shot by Ryan Johansen.
1:45 of 3rd period - Stopped by Mark Dekanich with a rebound.
1:47 of 3rd period - Wrist shot by Mikko Lehtonen.
1:47 of 3rd period - Stopped by Mark Dekanich with a rebound.
1:49 of 3rd period - Wrist shot by Matt Delahey.
1:49 of 3rd period - Deflect By Nathan Gerbe.
1:49 of 3rd period - Shot Blocked by David Shields.
1:49 of 3rd period - Puck is out of play.
1:50 of 3rd period - Alexandre Bolduc wins face-off versus James Wright in Knights zone.
1:58 of 3rd period - Wrist shot by Dave Dziurzynski.
1:58 of 3rd period - Stopped by Mark Dekanich with a rebound.
2:00 of 3rd period - Snap shot by Shaun Heska.
2:00 of 3rd period - Stopped by Mark Dekanich with a rebound.
2:02 of 3rd period - Wrist shot by Shaun Heska.
2:02 of 3rd period - Stopped by Mark Dekanich with a rebound.
2:04 of 3rd period - Slapshot by Shaun Heska.
2:04 of 3rd period - Stopped by Mark Dekanich with a rebound.
2:06 of 3rd period - Slapshot by Michael Sdao.
2:06 of 3rd period - Stopped by Mark Dekanich without a rebound.
2:07 of 3rd period - Ryan Johansen wins face-off versus Joe Colborne in Knights zone.
3:04 of 3rd period - Wrist shot by Cody Bass.
3:04 of 3rd period - Stopped by Mike Condon with a rebound.
3:20 of 3rd period - Alan Quine is hit by Brett Ponich and loses puck.
3:35 of 3rd period - Snap shot by Stefan Noesen.
3:35 of 3rd period - Goal by Stefan Noesen - Knights : 2 - Gangsters : 1.
3:36 of 3rd period - James Wright wins face-off versus Ryan Johansen in neutral zone.
3:40 of 3rd period - Off-side.
3:41 of 3rd period - James Wright wins face-off versus Ryan Johansen in neutral zone.
3:49 of 3rd period - Minor Penalty to Matt Delahey for Roughing.
3:50 of 3rd period - James Wright wins face-off versus Nathan Gerbe in Gangsters zone.
3:58 of 3rd period - Snap shot by James Wright.
3:58 of 3rd period - Shot Misses the Net.
4:00 of 3rd period - Snap shot by James Wright.
4:00 of 3rd period - Stopped by Mike Condon without a rebound.
4:01 of 3rd period - Nathan Gerbe wins face-off versus James Wright in Gangsters zone.
4:26 of 3rd period - Nathan Gerbe is hit by Jimmy Hayes and loses puck.
5:30 of 3rd period - Michael Stone is hit by Curtis McKenzie and loses puck.
5:49 of 3rd period - Penalty to Matt Delahey is over, Matt Delahey is back on ice.
5:55 of 3rd period - Slapshot by Matt Delahey.
5:55 of 3rd period - Stopped by Mark Dekanich without a rebound.
5:56 of 3rd period - Cody Bass wins face-off versus Ben Holmstrom in Knights zone.
6:01 of 3rd period - Snap shot by Kevin Hayes.
6:01 of 3rd period - Shot Misses the Net.
6:11 of 3rd period - Wrist shot by Kevin Hayes.
6:11 of 3rd period - Stopped by Mike Condon with a rebound.
6:23 of 3rd period - Richard Panik is hit by A.J. Jenks.
7:10 of 3rd period - Nikita Nikitin is hit by Maxime Sauvé and loses puck.
7:25 of 3rd period - James Wright is hit by Ben Holmstrom and loses puck.
7:36 of 3rd period - Michael Stone is hit by Patrik Nemeth and loses puck.
7:51 of 3rd period - Michael Stone is hit by Mikko Lehtonen and loses puck.
8:30 of 3rd period - Ronalds Kenins is hit by Richard Panik and loses puck.
8:55 of 3rd period - Patrik Nemeth is hit by Joe Colborne and loses puck.
9:18 of 3rd period - Zach Trotman is hit by Mikko Lehtonen and loses puck.
9:33 of 3rd period - Wrist shot by Ronalds Kenins.
9:33 of 3rd period - Stopped by Mike Condon without a rebound.
9:34 of 3rd period - Kevin Hayes wins face-off versus Alexandre Bolduc in Gangsters zone.
9:35 of 3rd period - Wrist shot by Ronalds Kenins.
9:35 of 3rd period - Stopped by Mike Condon with a rebound.
9:41 of 3rd period - Alexandre Bolduc is hit by Cody Bass and loses puck.
9:50 of 3rd period - Ronalds Kenins is hit by Dave Dziurzynski and loses puck.
10:01 of 3rd period - Michael Sdao is hit by Michael Stone and loses puck.
10:08 of 3rd period - Michael Stone is hit by Michael Sdao and loses puck.
10:32 of 3rd period - Curtis McKenzie is hit by Chris Thorburn and loses puck.
10:37 of 3rd period - Wrist shot by James Wright.
10:37 of 3rd period - Shot Blocked by Matt Delahey.
11:13 of 3rd period - Snap shot by Alexandre Bolduc.
11:13 of 3rd period - Shot Misses the Net.
11:15 of 3rd period - Snap shot by Patrik Nemeth.
11:15 of 3rd period - Deflect By Dave Dziurzynski.
11:15 of 3rd period - Stopped by Mark Dekanich without a rebound.
11:16 of 3rd period - Ryan Johansen wins face-off versus James Wright in Knights zone.
11:55 of 3rd period - Snap shot by Alexandre Bolduc.
11:55 of 3rd period - Shot Blocked by Zach Trotman.
12:05 of 3rd period - Curtis McKenzie is hit by Zach Trotman and loses puck.
12:16 of 3rd period - Snap shot by A.J. Jenks.
12:16 of 3rd period - Goal by A.J. Jenks - Knights : 3 - Gangsters : 1.
12:17 of 3rd period - James Wright wins face-off versus Ryan Johansen in neutral zone.
12:20 of 3rd period - Mikko Lehtonen is hit by James Wright and loses puck.
12:46 of 3rd period - Snap shot by Kevin Hayes.
12:46 of 3rd period - Shot Misses the Net.
12:52 of 3rd period - Zach Trotman is hit by Mikko Lehtonen and loses puck.
13:03 of 3rd period - Wrist shot by Nathan Gerbe.
13:03 of 3rd period - Shot Blocked by Zach Trotman.
13:11 of 3rd period - Wrist shot by Ronalds Kenins.
13:11 of 3rd period - Goal by Ronalds Kenins - Knights : 4 - Gangsters : 1.
13:12 of 3rd period - James Wright wins face-off versus Alexandre Bolduc in neutral zone.
13:29 of 3rd period - Brett Ponich is hit by Michael Stone and loses puck.
13:42 of 3rd period - Michael Stone is hit by Dave Dziurzynski and loses puck.
13:54 of 3rd period - Minor Penalty to Alexandre Bolduc for Hooking.
13:55 of 3rd period - Nathan Gerbe wins face-off versus Joe Colborne in Gangsters zone.
14:09 of 3rd period - Minor Penalty to Jason Zucker for Holding.
14:10 of 3rd period - Nathan Gerbe wins face-off versus James Wright in Knights zone.
15:20 of 3rd period - Michael Raffl is hit by Maxime Sauvé and loses puck.
15:54 of 3rd period - Penalty to Alexandre Bolduc is over, Alexandre Bolduc is back on ice.
16:09 of 3rd period - Penalty to Jason Zucker is over, Jason Zucker is back on ice.
16:32 of 3rd period - Phillip Danault is hit by Linden Vey and loses puck.
17:29 of 3rd period - Snap shot by Mikko Lehtonen.
17:29 of 3rd period - Stopped by Mark Dekanich without a rebound.
17:30 of 3rd period - Ryan Johansen wins face-off versus Joe Colborne in Knights zone.
17:39 of 3rd period - Slapshot by Ryan Johansen.
17:39 of 3rd period - Shot Misses the Net.
18:02 of 3rd period - Wrist shot by Alexandre Bolduc.
18:02 of 3rd period - Goal by Alexandre Bolduc - Knights : 4 - Gangsters : 2.
18:03 of 3rd period - Maxime Sauvé wins face-off versus Cody Bass in neutral zone.
18:28 of 3rd period - Shaun Heska is hit by A.J. Jenks and loses puck.
18:53 of 3rd period - Wrist shot by Alexandre Bolduc.
18:53 of 3rd period - Stopped by Mark Dekanich without a rebound.
18:54 of 3rd period - Alexandre Bolduc wins face-off versus James Wright in Knights zone.
19:08 of 3rd period - Minor Penalty to Patrik Nemeth for Slashing.
19:09 of 3rd period - James Wright wins face-off versus Nathan Gerbe in Gangsters zone.
19:09 of 3rd period - Wrist shot by Chris Thorburn.
19:09 of 3rd period - Goal by Chris Thorburn - Knights : 5 - Gangsters : 2.
19:10 of 3rd period - Ryan Johansen wins face-off versus Jason Zucker in neutral zone.
19:15 of 3rd period - Slapshot by Ryan Johansen.
19:15 of 3rd period - Stopped by Mark Dekanich with a rebound.
19:17 of 3rd period - Snap shot by Mikko Lehtonen.
19:17 of 3rd period - Stopped by Mark Dekanich with a rebound.
19:23 of 3rd period - Snap shot by Ryan Johansen.
19:23 of 3rd period - Stopped by Mark Dekanich with a rebound.
19:25 of 3rd period - Slapshot by Shaun Heska.
19:25 of 3rd period - Deflect By Mikko Lehtonen.
19:25 of 3rd period - Stopped by Mark Dekanich with a rebound.
19:41 of 3rd period - Wrist shot by Dave Dziurzynski.
19:41 of 3rd period - Goal by Dave Dziurzynski - Knights : 5 - Gangsters : 3.
19:42 of 3rd period - Maxime Sauvé wins face-off versus Ronalds Kenins in neutral zone.
19:45 of 3rd period - Slapshot by Shaun Heska.
19:45 of 3rd period - Stopped by Mark Dekanich with a rebound.
Goals for this period are 3 for Knights vs 3 for Gangsters.
Shots for this period are 8 for Knights vs 20 for Gangsters.
Back to the Top